 Dungeon Crawl Stone Soup version 0.30-a0-643-g638baaf3f0 (webtiles) character file.

Game seed: 772402235907202547

14 Absynth the Slasher (level 2, 22/22 HPs)
             Began as a Demonspawn Gladiator on Jan 16, 2023.
             Quit the game on level 1 of the Dungeon.
             The game lasted 00:02:22 (410 turns).

Absynth the Slasher (Demonspawn Gladiator)           Turns: 410, Time: 00:02:23

Health: 22/22      AC:  5    Str: 14    XL:     2   Next: 27%
Magic:  2/2        EV: 12    Int:  9    God:
Gold:   36         SH:  0    Dex: 14    Spells: 1/1 levels left

rFire   . . .      SeeInvis .    a - +0 long sword
rCold   . . .      Faith    .    (no shield)
rNeg    . . .      Spirit   .    b - +0 leather armour
rPois   .          Reflect  .    c - +0 helmet
rElec   .          Harm     .    (no cloak)
rCorr   .          Rampage  .    j - +0 pair of gloves
Will    .....                    (no boots)
Stlth   +                        (no amulet)
HPRegen 0.23/turn                (no ring)
MPRegen 0.08/turn                (no ring)

@: no status effects
A: claws 1
a: no special abilities


You were on level 1 of the Dungeon.
You visited 1 branch of the dungeon, and saw 1 of its levels.

You collected 36 gold pieces.

Inventory:

Hand Weapons
 a - a +0 long sword (weapon)
 k - a +0 sling
Missiles
 d - 3 throwing nets (quivered)
 e - a javelin
Armour
 b - a +0 leather armour (worn)
 c - a +0 helmet (worn)
 j - a +0 pair of gloves (worn)
Jewellery
 i - a ring of wizardry
Potions
 f - a potion of invisibility {unknown}
 g - 2 potions of brilliance {unknown}
 h - a potion of might {unknown}


   Skills:
 - Level 2.0 Fighting
 * Level 3.1 Long Blades
 - Level 1.7 Throwing
 + Level 2.9 Dodging
 + Level 0.7 Stealth


You had one spell level left.
You didn't know any spells.
Your spell library was empty.

Dungeon Overview and Level Annotations

Branches:
Dungeon (1/15)

Altars:

Shops:
D:1 =


Innate Abilities, Weirdness & Mutations

You have sharp fingernails.


Message History

The endoplasm hits you but does no damage.
You slash the endoplasm!
You kill the endoplasm!
No target in view!
No target in view!
A quokka comes into view.
The quokka closely misses you.
You closely miss the quokka. The quokka closely misses you. x2
You barely miss the quokka. The quokka closely misses you.
You barely miss the quokka. The quokka misses you.
The quokka barely misses you.
You miss the quokka. The quokka barely misses you.
You hit the quokka but do no damage. The quokka closely misses you.
The quokka misses you.
You barely miss the quokka.
The quokka bites you but does no damage.
You hit the quokka but do no damage. The quokka closely misses you.
The quokka bites you but does no damage.
You barely miss the quokka. The quokka closely misses you.
You closely miss the quokka.
The quokka bites you but does no damage.
The quokka misses you.
You hit the quokka but do no damage.
The quokka bites you but does no damage.
You barely miss the quokka. The quokka bites you.
The quokka bites you but does no damage.
You slash the quokka!
You kill the quokka!
Found a stone staircase leading down.
Found 5 poisoned darts.
A goblin comes into view. It is wielding a +0 dagger.
Found a club and a scroll labelled HYFEUF VUPNEYTOE.
You closely miss the goblin. The goblin hits you but does no damage.
You hit the goblin.
The goblin is severely wounded.
The goblin hits you but does no damage.
You slash the goblin!
You kill the goblin!
No target in view!
Are you sure you want to abandon this character and quit the game? (Confirm with "yes".)

#....#
####.#
###.#
#####...##
..........#
..........#
..........#
..........#
(.......@.#
........).#
..........#
.........#
.........#
.........#
.........#
......?).#


There were no monsters in sight!

Vanquished Creatures
  2 bats (D:1)
  3 endoplasms (D:1)
  A giant cockroach (D:1)
  A goblin (D:1)
  A quokka (D:1)
  A ball python (D:1)
  A frilled lizard (D:1)
  A kobold (D:1)
  2 rats (D:1)
13 creatures vanquished.

Notes
Turn   | Place    | Note
-------+----------+-------------------------------------------
     0 | D:1      | Absynth the Demonspawn Gladiator began the quest for the
                  | Orb.
     0 | D:1      | Reached XP level 1. HP: 16/16 MP: 1/1
   126 | D:1      | Found Wetukef's Jewellery Shoppe.
   332 | D:1      | Reached skill level 3 in Long Blades
   345 | D:1      | Gained mutation: You have sharp fingernails. [demonic
                  | ancestry]
   345 | D:1      | Reached XP level 2. HP: 22/22 MP: 2/2
   410 | D:1      | Quit the game

Illustrated notes

Levels and vault maps discovered:
D:1:      dpeg_arrival_subterranean_lakeside_camping, layout_basic,
          serial_shops, shop_statue

Skill      XL: |  1 |
---------------+----+-----
Long Blades    | 3 |  3.1
Fighting       | |  2.0
Throwing       | |  1.7
Dodging        | |  2.9
Stealth        | |  0.7

Action                   || total
-------------------------++-------
Melee: Long sword        ||    58
       Punch             ||     1
Armor: Leather armour    ||    25
Dodge: Dodged            ||    48

Table legend: (Time is in decaauts)
 A = Elapsed time spent in this place.
 B = Non-inter-level travel time spent in this place.
 C = Inter-level travel time spent in this place.
 D = Time resting spent in this place.
 E = Time spent auto-exploring this place.
 F = Levels seen in this place.
 G = Mean time per level.
                   A        B        C        D        E       F      G
               +--------+--------+--------+--------+--------+-----+--------+
         Total |    425 |    425 |      0 |      7 |    254 |   1 |  425.0 |
       Dungeon |    425 |    425 |      0 |      7 |    254 |   1 |  425.0 |
               +--------+--------+--------+--------+--------+-----+--------+

Top non-repeatable levels by time:
     D:1: 425 daAuts
